 Dungeon Sprint DCSS version 0.27-a0-988-g25969acef8 (webtiles) character file.

Game seed: 5718640675220248923

4558 mhtbhm the Eclecticist (level 10, -6/53 HPs)
             Began as a Deep Elf Earth Elementalist on Apr 15, 2021.
             Was the Champion of Vehumet.
             Mangled by a sixfirhy (11 damage)
             ... in the Dungeon (Sprint VII: "The Pits").
             The game lasted 00:05:26 (2076 turns).

mhtbhm the Eclecticist (DEEE)                       Turns: 2076, Time: 00:05:29

Health: -6/53      AC:  5    Str:  5    XL:     10   Next: 18%
Magic:  14/35      EV: 15    Int: 24    God:    Vehumet [******]
Gold:   0          SH:  0    Dex: 15    Spells: 24/48 levels left

rFire    . . .     SeeInvis .   a - +0 lajatang
rCold    . . .     Faith    .   (shield currently unavailable)
rNeg     . . .     Spirit   .   c - +0 robe
rPois    .         Reflect  .   s - +0 helmet
rElec    .         Harm     .   u - +0 cloak
rCorr    .         Rampage  .   (no gloves)
Will     +....     NoTele   +   t - +0 pair of boots
Stlth    +++.......             (no amulet)
HPRegen  0.17/turn              (no ring)
MPRegen  0.24/turn              (no ring)

@: slowed, very slow
A: no striking features
a: Renounce Religion


You were in the Dungeon.
You worshipped Vehumet.
Vehumet was exalted by your worship.
You visited 1 branch

Inventory:

Hand Weapons
 a - a +0 lajatang (weapon)
Missiles
 b - 21 stones
Armour
 c - a +0 robe (worn)
 s - a +0 helmet (worn)
 t - a +0 pair of boots (worn)
 u - a +0 cloak (worn)
Jewellery
 n - a +3 ring of evasion
 o - a +3 ring of strength
Scrolls
 j - 5 scrolls of amnesia
 k - a scroll of summoning
 l - 2 scrolls of vulnerability
Potions
 d - 4 potions of curing
 e - 9 potions of heal wounds
 f - a potion of haste
 g - 4 potions of magic
 h - 3 potions of berserk rage
 m - 2 potions of invisibility
 p - a potion of resistance
 q - a potion of might
 r - 2 potions of mutation


   Skills:
 + Level 1.9 Fighting
 + Level 3.7 Staves
 + Level 6.3 Dodging
 + Level 5.1 Stealth
 + Level 19.7 Spellcasting
 + Level 5.1 Conjurations
 + Level 2.8 Transmutations
 + Level 15.9 Earth Magic


You had 24 spell levels left.
You knew the following spells:

 Your Spells              Type           Power      Damage    Failure   Level
a - Sandblast             Erth           100%       2d20      0%          1
b - Passwall              Tmut/Erth      51%        N/A       1%          2
c - Stone Arrow           Conj/Erth      100%       3d13      1%          3
d - Lee's Rapid Deconstr  Erth           39%        3d20*     1%          5
e - Petrify               Tmut/Erth      62%        N/A       1%          4
f - Sticky Flame          Conj/Fire      35%        2d5       1%          4
g - Bolt of Magma         Conj/Fire/Erth 27%        4d13      1%          5

Your spell library contained the following spells:

 Spells                   Type           Power      Damage    Failure   Level


Dungeon Overview and Level Annotations

Branches:
Dungeon (1/1)

Altars:
Ashenzari
Cheibriados
Dithmenos
Elyvilon
Fedhas
Gozag
Hepliaklqana
Kikubaaqudgha
Makhleb
Nemelex Xobeh
Okawaru
Qazlal
Ru
Sif Muna
Trog
Uskayaw
Vehumet
Wu Jian
Xom
Yredelemnul
Zin
The Shining One
Beogh
Jiyva
Lugonu


Message History

A metal wall.
The metal wall shatters!
The blast of metal fragments hits the warg!!
You kill the warg!
Vehumet accepts your kill.
You hear a bellow!
You hear an angry hiss.
A spriggan rider comes into view. It is wielding a +0 spear.
Unknown command.
Unknown command.
Casting: Lee's Rapid Deconstruction (safe; 1% risk of failure)
Confirm with . or Enter, or press ? or * to list all spells.
Aiming: Lee's Rapid Deconstruction (safe; 1% risk of failure)
Press: ? - help, Dir - move target A metal wall.
The metal wall shatters!
The blast of metal fragments hits the spriggan rider!!!
You kill the spriggan rider!
Vehumet accepts your kill.
You kill the hornet!
Vehumet accepts your kill.
You feel your power returning.
A kobold demonologist opens the door.
A yak comes into view. x2
You have reached level 10! 2 yaks come into view.
Unknown command.
Unknown command.
Casting: Lee's Rapid Deconstruction (safe; 1% risk of failure)
Confirm with . or Enter, or press ? or * to list all spells.
Aiming: Lee's Rapid Deconstruction (safe; 1% risk of failure)
Press: ? - help, Dir - move target A metal wall.
Okay, then.
You feel much better.
The death cob is no longer petrified.
A sixfirhy comes into view.
The sixfirhy hits you! The sixfirhy shocks you!
* * * LOW HITPOINT WARNING * * *
The sixfirhy hits you.
* * * LOW HITPOINT WARNING * * *
The sixfirhy shocks you!
You die...

......##['##############
......##......#...'.oh.#
......##....###.o.###.o.#
..<...##...##.+.hY+ .
......##..##..##z##
......##..#..##.).## .+
......##..#..#.....#Y.#
########..'..'.....YK.+
########..#).#..@3.#
.#....##..#..##...##
.#...[##..##..##'##
.'..))##...##.)†..+
.#...)##....###...#
.#..))##.... #...+
############# #####


You could see a death cob, a kobold demonologist, 3 yaks, a sixfirhy, a warg and
an orc.

Vanquished Creatures
  A death knight (D)
  An anaconda (D)
  A swamp dragon (D)
  A molten gargoyle (D)
  An ice devil (D)
  A hornet (D)
  2 spriggans (D)
  A tarantella (D)
  A basilisk (D)
  A steam dragon (D)
  A warg (D)
  A water moccasin (D)
  An orc warrior (D)
  A necrophage (D)
  An ice beast (D)
  An ogre (D)
  A kobold brigand (D)
  A bullfrog (D)
  2 crimson imps (D)
  An iguana (D)
  An orc wizard (D)
  A hell rat (D)
  3 gnolls (D)
  2 adders (D)
  4 orcs (D)
  2 giant cockroaches (D)
  A hobgoblin (D)
  10 jackals (D)
  3 kobolds (D)
  2 frilled lizards (D)
  A rat (D)
52 creatures vanquished.

Notes
Turn   | Place    | Note
-------+----------+-------------------------------------------
     0 | D        | mhtbhm the Deep Elf Earth Elementalist began the quest for
                  | the Orb.
     0 | D        | Reached XP level 1. HP: 10/10 MP: 6/6
    24 | D        | Found a bloodstained altar of Trog.
    24 | D        | Found a shimmering blue altar of Sif Muna.
    24 | D        | Found a viscous altar of Jiyva.
    24 | D        | Found a hazy altar of Hepliaklqana.
    24 | D        | Found an opulent altar of Gozag.
    25 | D        | Found a glowing golden altar of the Shining One.
    25 | D        | Found a glowing silver altar of Zin.
    25 | D        | Found a basalt altar of Yredelemnul.
    25 | D        | Found a shimmering altar of Xom.
    25 | D        | Found an ornate altar of the Wu Jian Council.
    25 | D        | Found a sacrificial altar of Ru.
    25 | D        | Found a stormy altar of Qazlal.
    25 | D        | Found an iron altar of Okawaru.
    25 | D        | Found a sparkling altar of Nemelex Xobeh.
    25 | D        | Found a burning altar of Makhleb.
    25 | D        | Found a blossoming altar of Fedhas.
    25 | D        | Found a white marble altar of Elyvilon.
    25 | D        | Found a shadowy altar of Dithmenos.
    25 | D        | Found a snail-covered altar of Cheibriados.
    27 | D        | Found a radiant altar of Vehumet.
    27 | D        | Found a corrupted altar of Lugonu.
    28 | D        | Found a hide-covered altar of Uskayaw.
    28 | D        | Found an ancient bone altar of Kikubaaqudgha.
    28 | D        | Found a broken altar of Ashenzari.
    35 | D        | Became a worshipper of Vehumet
    84 | D        | Reached skill level 5 in Earth Magic
    84 | D        | Reached XP level 2. HP: 15/15 MP: 4/8
   122 | D        | Learned a level 2 spell: Passwall
   124 | D        | Reached * piety under Vehumet
   124 | D        | Offered knowledge of Foxfire by Vehumet.
   140 | D        | Reached skill level 4 in Spellcasting
   257 | D        | Reached ** piety under Vehumet
   258 | D        | Reached XP level 3. HP: 19/19 MP: 11/11
   262 | D        | Learned a level 3 spell: Stone Arrow
   267 | D        | Reached skill level 5 in Spellcasting
   268 | D        | Reached XP level 4. HP: 24/24 MP: 11/13
   353 | D        | Offered knowledge of Searing Ray by Vehumet.
   353 | D        | Reached *** piety under Vehumet
   354 | D        | Reached skill level 6 in Spellcasting
   388 | D        | Noticed an ogre
   395 | D        | Reached **** piety under Vehumet
   396 | D        | Reached skill level 7 in Spellcasting
   416 | D        | Noticed a kobold brigand
   427 | D        | Killed a kobold brigand
   427 | D        | Reached ***** piety under Vehumet
   428 | D        | Reached skill level 1 in Staves
   428 | D        | Reached skill level 5 in Dodging
   428 | D        | Reached skill level 8 in Spellcasting
   428 | D        | Reached skill level 1 in Conjurations
   428 | D        | Reached XP level 5. HP: 24/28 MP: 10/18
   478 | D        | Learned a level 5 spell: Lee's Rapid Deconstruction
   484 | D        | Learned a level 4 spell: Petrify
   492 | D        | Killed an ogre
   492 | D        | Offered knowledge of Inner Flame by Vehumet.
   493 | D        | Reached skill level 9 in Spellcasting
   493 | D        | Reached XP level 6. HP: 32/32 MP: 14/20
   649 | D        | Offered knowledge of Airstrike by Vehumet.
   663 | D        | Noticed a tarantella
   667 | D        | Killed a tarantella
   668 | D        | Reached skill level 11 in Spellcasting
   668 | D        | Reached skill level 10 in Earth Magic
   849 | D        | Noticed a water moccasin
   850 | D        | Offered knowledge of Irradiate by Vehumet.
   851 | D        | Killed a water moccasin
   852 | D        | Reached skill level 12 in Spellcasting
   852 | D        | Reached XP level 7. HP: 37/37 MP: 19/24
   971 | D        | Noticed a death knight
   978 | D        | Killed a death knight
   978 | D        | Reached ****** piety under Vehumet
   979 | D        | Reached skill level 1 in Fighting
   979 | D        | Reached skill level 14 in Spellcasting
   979 | D        | Reached XP level 8. HP: 19/43 MP: 6/28
  1277 | D        | Offered knowledge of Sticky Flame by Vehumet.
  1279 | D        | Reached skill level 5 in Conjurations
  1443 | D        | Noticed a swamp dragon
  1445 | D        | Noticed an ice devil
  1459 | D        | Killed an ice devil
  1460 | D        | Reached skill level 15 in Spellcasting
  1669 | D        | Killed a swamp dragon
  1670 | D        | Reached skill level 16 in Spellcasting
  1670 | D        | Reached XP level 9. HP: 48/48 MP: 5/31
  1891 | D        | Learned a level 4 spell: Sticky Flame
  1903 | D        | Noticed a molten gargoyle
  1905 | D        | Reached skill level 17 in Spellcasting
  1906 | D        | Killed a molten gargoyle
  1907 | D        | Reached skill level 5 in Stealth
  2014 | D        | Reached skill level 18 in Spellcasting
  2049 | D        | Offered knowledge of Bolt of Magma by Vehumet.
  2056 | D        | Learned a level 5 spell: Bolt of Magma
  2063 | D        | Noticed an anaconda
  2067 | D        | Killed an anaconda
  2068 | D        | Reached skill level 19 in Spellcasting
  2068 | D        | Reached skill level 15 in Earth Magic
  2068 | D        | Noticed a death cob
  2071 | D        | HP: 2/48 [death cob (23)]
  2074 | D        | Noticed a spriggan rider
  2075 | D        | Killed a spriggan rider
  2076 | D        | Reached XP level 10. HP: 4/53 MP: 14/35
  2076 | D        | Noticed a sixfirhy
  2076 | D        | Mangled by a sixfirhy

Illustrated notes

Levels and vault maps discovered:
D:        pitsprint [storerooms_1, entrance_room_1, metal_vault_6, armoury_2,
          mini_pit_1, grid_room_1, main_hall_1, silver_pit, the_coven_3,
          the_vestibule_1, steel_vault_3, golden_pit, hallway_of_sentries,
          crystal_vault_4, iron_vault_1, final_vault]

Skill      XL: |  1  2  3  4  5  6  7  8  9 |
---------------+----------------------------+-----
Dodging        | 3 4 5 6 |  6.3
Earth Magic    | 5 6 7 9 11 12 14 15 | 15.9
Spellcasting   | 4 5 8 9 12 14 16 19 | 19.7
Stealth        | 3 4 5 |  5.1
Staves         | 1 2 3 |  3.7
Conjurations   | 1 2 3 4 5 |  5.1
Fighting       | 1 |  1.9
Transmutations | 2 |  2.8

Action                   |  1- 3 |  4- 6 |  7- 9 | 10-12 || total
-------------------------+-------+-------+-------+-------++-------
Melee: Quarterstaff      |     8 |     7 |       |       ||    15
       Lajatang          |       |       |     3 |       ||     3
 Cast: Sandblast         |    11 |    10 |     4 |       ||    25
       Stone Arrow       |       |     8 |     4 |       ||    12
       Lee's Rapid Decon |       |     4 |    25 |       ||    29
       Petrify           |       |       |     6 |       ||     6
  Use: Potion            |       |     2 |     3 |     1 ||     6
       Scroll            |       |       |     1 |       ||     1
Armor: Robe              |     1 |     1 |     1 |       ||     3
Dodge: Dodged            |    12 |    11 |     7 |       ||    30

Table legend: (Time is in decaauts)
 A = Elapsed time spent in this place.
 B = Non-inter-level travel time spent in this place.
 C = Inter-level travel time spent in this place.
 D = Time resting spent in this place.
 E = Time spent auto-exploring this place.
 F = Levels seen in this place.
 G = Mean time per level.
                   A        B        C        D        E       F      G
               +--------+--------+--------+--------+--------+-----+--------+
         Total |   2078 |   2078 |      0 |   1502 |    110 |   1 | 2078.0 |
       Dungeon |   2078 |   2078 |      0 |   1502 |    110 |   1 | 2078.0 |
               +--------+--------+--------+--------+--------+-----+--------+

Top non-repeatable levels by time:
       D: 2078 daAuts
